 Dungeon Crawl Stone Soup version 0.32-a0-872-g59262bdc9b (webtiles) character file.

Game seed: 17956973697230770342

183 Uzeprotekshun the Firebug (level 5, -2/45 HPs)
             Began as a Mountain Dwarf Fire Elementalist on Mar 30, 2024.
             Slain by a black bear (3 damage)
             ... on level 4 of the Dungeon.
             The game lasted 00:20:47 (1279 turns).

Uzeprotekshun the Firebug (MDFE)                    Turns: 1279, Time: 00:20:48

Health: -2/45      AC:  5    Str: 11    XL:     5   Next: 35%
Magic:  0/10       EV:  9    Int: 17    God:
Gold:   35         SH:  0    Dex: 10    Spells: 7/10 levels left

rFire   . . .        e - +0 dagger
rCold   . . .        (no shield)
rNeg    . . .        d - +0 ring mail
rPois   .            (no helmet)
rElec   .            (no cloak)
rCorr   .            (no gloves)
SInv    .            (no boots)
Will    .....        (no amulet)
Stlth   +            (no ring)
HPRegen 0.27/turn    (no ring)
MPRegen 0.12/turn

%: no passive effects
@: no status effects
A: runic magic, artefact enchanting
a: no special abilities


You were on level 4 of the Dungeon.
You visited 1 branch of the dungeon, and saw 4 of its levels.

You collected 35 gold pieces.

Inventory:

Hand Weapons
 e - a +0 dagger (weapon)
 s - a +0 short sword
Missiles
 c - 12 stones
 i - 5 poisoned darts
Armour
 a - a +0 robe
 d - a +0 ring mail (worn)
 h - a +0 chain mail
 l - a +0 plate armour
 m - a +0 buckler
Magical Staves
 r - a staff of conjuration
Jewellery
 b - a ring of flight
Wands
 o - a wand of roots (4)
Scrolls
 f - 3 scrolls of teleportation {unknown}
 g - a scroll of fog {unknown}
 j - a scroll of immolation {unknown}
 k - a scroll of noise {unknown}
 n - 2 scrolls of blinking {unknown}
Potions
 p - a potion of curing {unknown}
 q - a potion of might {unknown}


   Skills:
 - Level 3.0 Fighting
 + Level 1.3 Dodging
 - Level 1.4 Stealth
 - Level 3.4 Spellcasting
 - Level 2.3 Conjurations
 - Level 3.6 Fire Magic


You had 7 spell levels left.
You knew the following spells:

 Your Spells              Type           Power      Damage    Failure   Level
a - Foxfire               Conj/Fire      48%        2x1d6     6%          1
b - Scorch                Fire           30%        2d6       7%          2

Your spell library contained the following spells:

 Spells                   Type           Power      Damage    Failure   Level
 Inner Flame              Hex/Fire       9%         N/A       30%         3
 Volatile Blastmotes      Fire/Tloc      18%        2d11      30%         3
 Flame Wave               Conj/Fire      12%        2d6       52%         4


Dungeon Overview and Level Annotations

Branches:
Dungeon (4/15)
 Temple: D:4-7

Altars:
Gozag

Shops:
D:4 [

Annotations:
D:3 2 transporters, exclusion: bombardier beetle


Innate Abilities, Weirdness & Mutations

Your spellcasting is much less encumbered by armour.
You can use scrolls of enchantment on lesser artefacts.


Message History

The black bear claws you but does no damage.
The black bear claws you.
You hit the black bear.
The black bear is almost dead.
The black bear barely misses you. The black bear claws you. x2
The black bear bites you. The black bear barely misses you.
The black bear claws you.
You closely miss the black bear.
The black bear is almost dead.
The black bear bites you. The black bear claws you.
* * * LOW HITPOINT WARNING * * *
The black bear claws you.
* * * LOW HITPOINT WARNING * * *
Unknown command.
You hit the black bear but do no damage.
The black bear is almost dead.
The black bear closely misses you. x2
The black bear claws you but does no damage.
The black bear bites you.
* * * LOW HITPOINT WARNING * * *
The black bear claws you.
* * * LOW HITPOINT WARNING * * *
The black bear claws you.
* * * LOW HITPOINT WARNING * * *
Okay, then.
Okay, then.
Okay, then.
Okay, then.
Okay, then.
Aiming: Fastroot
Press: ? - help, Shift-Dir - straight line The roots erupt in riotous growth!
Roots grab the black bear.
The grasping roots constrict the black bear.
You hear a shout! x3; You hear an angry hiss.
You hear a shout!
You hear an angry growl.
The black bear bites you.
* * * LOW HITPOINT WARNING * * *
The black bear claws you.
You die...

.#.#. .# ..... ...
##...# ..#.. <...#
#.#.. #...# #.##.
#...## .### #.##.#
#.h..##
....####.##..##.@...#
#......# #.#....#.#
###....###...#..#.#
#.##...##.....#.#
...####.....##.#.#
.....####(.#..##.#.#
.##.#..#...##.)##.#.#
.............<..#.###
..########.#)........#


You could see a black bear (berserk, combustible, rooted).

Vanquished Creatures
  A bombardier beetle (D:3)
  An iguana (D:4)
  Ijyb (D:3)
  3 gnolls (D:3)
  2 adders (D:2)
  An orc (D:4)
  6 ball pythons
  7 endoplasms
  2 giant cockroaches (D:1)
  8 goblins
  2 hobgoblins
  9 jackals
  2 kobolds
  2 bats
  2 frilled lizards
  3 rats (D:1)
52 creatures vanquished.

Vanquished Creatures (others)
  78 foxfires
78 creatures vanquished.

Grand Total: 130 creatures vanquished

Notes
Turn   | Place    | Note
-------+----------+-------------------------------------------
     0 | D:1      | Uzeprotekshun the Mountain Dwarf Fire Elementalist began
                  | the quest for the Orb.
     0 | D:1      | Reached XP level 1. HP: 14/14 MP: 3/3
   139 | D:1      | Reached skill level 1 in Fighting
   180 | D:1      | Reached XP level 2. HP: 23/24 MP: 1/4
   290 | D:1      | Learned a level 2 spell: Scorch
   439 | D:2      | Reached XP level 3. HP: 15/31 MP: 1/5
   496 | D:2      | Reached skill level 1 in Conjurations
   628 | D:2      | You fall into a shaft and drop 1 floor!
   727 | D:3      | Reached XP level 4. HP: 33/38 MP: 2/7
   853 | D:3      | Found a transporter.
   883 | D:3      | Found an opulent altar of Gozag.
  1021 | D:3      | Noticed Ijyb
  1028 | D:3      | Killed Ijyb
  1061 | D:3      | Reached XP level 5. HP: 45/45 MP: 5/9
  1063 | D:3      | Found a transporter.
  1140 | D:4      | Found Acreifeck's Antique Armour Boutique.
  1259 | D:4      | Noticed a black bear
  1267 | D:4      | Noticed a black bear
  1278 | D:4      | HP: 2/45 [black bear (3)]
  1279 | D:4      | Slain by a black bear

Illustrated notes

Levels and vault maps discovered:
D:1:      dpeg_arrival_three_same_balls, layout_basic, patterned_corridor
D:2:      layout_basic, minmay_goblin_outpost, uniq_crazy_yiuf_cottage
D:3:      gammafunk_wand_slinger, layout_basic, mainiacjoe_overflow_alcove_4,
          uniq_ijyb
D:4:      layout_rooms, minmay_temple_entry_purple_smoke, serial_shops,
          nicolae_shop_rolling_square, kennysheep_generic_room_15

Skill      XL: |  1  2  3  4 |
---------------+-------------+-----
Fighting       | 1 3 |  3.0
Spellcasting   | 2 3 |  3.4
Conjurations   | 1 2 |  2.3
Dodging        | |  1.3
Stealth        | |  1.4
Fire Magic     | |  3.6

Action                     |  1- 3 |  4- 6 || total
---------------------------+-------+-------++-------
  Melee: Dagger            |   107 |    35 ||   142
         Unarmed           |     6 |       ||     6
   Cast: Foxfire           |    32 |    22 ||    54
         Scorch            |       |    13 ||    13
  Evoke: Wand              |       |     1 ||     1
    Use: Potion            |       |     1 ||     1
   Stab: Sleeping          |     1 |       ||     1
 Armour: Ring mail         |    96 |    46 ||   142
         Robe              |     3 |       ||     3
  Dodge: Dodged            |    82 |    31 ||   113

Table legend: (Time is in decaauts)
 A = Elapsed time spent in this place.
 B = Non-inter-level travel time spent in this place.
 C = Inter-level travel time spent in this place.
 D = Time resting spent in this place.
 E = Time spent auto-exploring this place.
 F = Levels seen in this place.
 G = Mean time per level.
                   A        B        C        D        E       F      G
               +--------+--------+--------+--------+--------+-----+--------+
         Total |   1277 |   1253 |     24 |      8 |     36 |   4 |  319.2 |
       Dungeon |   1277 |   1253 |     24 |      8 |     36 |   4 |  319.2 |
               +--------+--------+--------+--------+--------+-----+--------+

Top non-repeatable levels by time:
     D:3: 491 daAuts
     D:1: 342 daAuts
     D:2: 284 daAuts
     D:4: 158 daAuts
